 Dungeon Crawl Stone Soup version 0.27-a0-1287-gca74d27db6 (webtiles) character file.

Game seed: 17601511578846863188

760542 Kold the Ruinous (level 27, -2/233 (234) HPs)
             Began as a Pale Draconian Conjurer on May 31, 2021.
             Was the Champion of Vehumet.
             Slain by a death scarab (9 damage)
             ... summoned by a royal mummy
             ... on level 3 of the Tomb of the Ancients on June 14, 2021.
             The game lasted 06:12:58 (110409 turns).

Kold the Ruinous (Pale Draconian Conjurer)        Turns: 110409, Time: 06:12:58

HP:   -2/233 (234)  AC: 29    Str: 12    XL:     27
MP:   40/40         EV: 23    Int: 30    God:    Vehumet [******]
Gold: 5866          SH: 12    Dex: 15    Spells: 5/52 levels left

rFire    + + +     SeeInvis +   t - +3 Elemental Staff {rElec rF++ rC++ Will++ AC+5}
rCold    + + +     Faith    .   J - +3 buckler {rC+}
rNeg     + . .     Spirit   .   (armour unavailable)
rPois    +         Reflect  .   j - +2 hat
rElec    +         Harm     .   C - +2 cloak {Will+}
rCorr    .         Rampage  .   Z - +2 pair of gloves of Yxticot {+Blink rF+ Stlth+}
Will     +++++                  y - +2 pair of boots {Stlth+}
Stlth    ++++......             F - amulet of magic regeneration
HPRegen  0.48/turn              Y - ring of Xom's Recklessness {Wiz +Blink rPois SInv}
MPRegen  0.52/turn              O - ring "Tiynejuc" {rF+ rN+ Dex+6}

@: slowed, studying 2 skills, lightly drained, very slow
A: breathe steam, AC +13, unfitting armour, cold-blooded, steam resistance,
claws 1, large bone plates 1, frail 1
}: 5/15 runes: decaying, serpentine, slimy, silver, abyssal
a: Breathe Steam, Renounce Religion, Evoke Blink


You were on level 3 of the Tomb of the Ancients.
You worshipped Vehumet.
Vehumet was exalted by your worship.
You visited 13 branches of the dungeon, and saw 57 of its levels.
You visited the Abyss 2 times.
You also visited: Volcano, Wizlab and Desolation.

You collected 10777 gold pieces.
You spent 4911 gold pieces at shops.

Inventory:

Hand Weapons
 t - the +3 Elemental Staff (weapon) {rElec rF++ rC++ Will++ AC+5}
   (You acquired it on level 2 of the Elven Halls)

   It affects your AC (+5).
   It greatly protects you from fire.
   It greatly protects you from cold.
   It insulates you from electricity.
   It greatly increases your willpower.
Armour
 j - a +2 hat (worn)
 y - a +2 pair of boots of stealth (worn)
 C - a +2 cloak of willpower (worn)
 J - a +3 buckler of cold resistance (worn)
 Z - the +2 pair of gloves of Yxticot (worn) {+Blink rF+ Stlth+}
   (You found it in a wizard's laboratory)

   It protects you from fire.
   It lets you blink.
   It makes you more stealthy.
Jewellery
 b - a ring of resist corrosion
 o - a +4 ring of protection
 p - the amulet of Liatan {rElec rF+ Regen+}
   (You found it on level 5 of the Pits of Slime)

   [amulet of regeneration]

   It protects you from fire.
   It insulates you from electricity.
   It increases your rate of health regeneration.
 s - a +4 ring of evasion
 u - a ring of flight
 B - the amulet "Uplepuca" {Reflect rPois rC+ Will+ SH+5}
   (You took it off a deep elf annihilator on level 3 of the Elven Halls)

   [amulet of reflection]

   It reflects blocked missile attacks.
   It protects you from cold.
   It protects you from poison.
   It affects your SH (+5).
   It increases your willpower.
 F - an amulet of magic regeneration (around neck)
 G - the ring of Rujul {rN+ Int+3 Slay+3 Stlth-}
   (You took it off a deep elf zephyrmancer on level 3 of the Elven Halls)

   [ring of positive energy]

   It affects your intelligence (+3).
   It affects your accuracy and damage with ranged weapons and melee attacks
   (+3).
   It protects you from negative energy.
   It makes you less stealthy.
 K - the amulet of Poapaup {Acrobat Will+ Str+4}
   (You found it on level 4 of the Abyss)

   [amulet of the acrobat]

   It increases your evasion while moving and waiting.
   It affects your strength (+4).
   It increases your willpower.
 N - the ring of Oenomania {rElec rC+}
   (You found it in the Desolation of Salt)

   [ring of protection from cold]

   It protects you from cold.
   It insulates you from electricity.
 O - the ring "Tiynejuc" (right hand) {rF+ rN+ Dex+6}
   (You took it off an ironbound convoker on level 5 of the Vaults)

   [ring of dexterity]

   It affects your dexterity (+6).
   It protects you from fire.
   It protects you from negative energy.
 V - the ring of a Billion Thickets {rC+ Slay+4}
   (You took it off a deep elf annihilator on level 5 of the Vaults)

   [ring of slaying]

   It affects your accuracy and damage with ranged weapons and melee attacks
   (+4).
   It protects you from cold.
 Y - the ring of Xom's Recklessness (left hand) {Wiz +Blink rPois SInv}
   (You found it in a wizard's laboratory)

   [ring of wizardry]

   It improves your spell success rate.
   It protects you from poison.
   It lets you see invisible.
   It lets you blink.
Wands
 k - a wand of charming (23)
 z - a wand of acid (4)
 E - a wand of digging (8)
 H - a wand of paralysis (45)
 I - a wand of iceblast (53)
Scrolls
 a - 8 scrolls of fear
 c - 5 scrolls of fog
 d - 2 scrolls of magic mapping
 e - 6 scrolls of blinking
 g - 16 scrolls of enchant weapon
 h - 37 scrolls of identify
 i - 36 scrolls of teleportation
 n - 3 scrolls of enchant armour
 D - 3 scrolls of brand weapon
 L - a scroll of holy word
 Q - 4 scrolls of silence
 U - 4 scrolls of summoning
 X - 8 scrolls of amnesia
Potions
 l - 29 potions of curing
 m - a potion of ambrosia
 q - 3 potions of cancellation
 r - 8 potions of resistance
 v - 11 potions of heal wounds
 w - 8 potions of brilliance
 x - 6 potions of haste
 A - 15 potions of might
 M - 4 potions of flight
 S - 4 potions of invisibility
 T - 6 potions of berserk rage
Miscellaneous
 P - a lightning rod (4/4)


   Skills:
 + Level 23.9 Fighting
 - Level 12.0 Staves
 + Level 20.9 Dodging
 - Level 2.0 Stealth
 - Level 4.0 Shields
 - Level 13.0 Spellcasting
 + Level 26.0 Conjurations
 - Level 7.0 Summonings
 - Level 3.0 Translocations
 + Level 24.3 Fire Magic
 - Level 11.2 Earth Magic
 + Level 16.5 Evocations


You had 5 spell levels left.
You knew the following spells:

 Your Spells              Type           Power      Damage    Failure   Level
a - Iron Shot             Conj/Erth      57%        9d11      1%          6
b - Bolt of Magma         Conj/Fire/Erth 72%        4d28      0%          5
c - Spellforged Servitor  Conj/Summ      43%        N/A       1%          7
d - Fire Storm            Conj/Fire      65%        8d16      1%          9
e - Lehudib's Crystal Sp  Conj/Erth      57%        10d13     1%          8
f - Ignition              Fire           64%        3d17      1%          8
g - Iskenderun's Mystic   Conj/Tloc      82%        2d16      1%          4

Your spell library contained the following spells:

 Spells                   Type           Power      Damage    Failure   Level
 Chain Lightning          Conj/Air       49%        3d65      69%         9
 Polar Vortex             Ice            14%        N/A       100%        9
 Foxfire                  Conj/Fire      100%       2x1d9     0%          1
 Magic Dart               Conj           100%       1d8       0%          1
 Searing Ray              Conj           100%       3d7       0%          2
 Static Discharge         Conj/Air       98%        N/A       0%          2
 Conjure Flame            Conj/Fire      100%       6-21      0%          3
 Stone Arrow              Conj/Erth      100%       3d13      0%          3
 Sticky Flame             Conj/Fire      100%       2d11      0%          4
 Fireball                 Conj/Fire      65%        3d25      0%          5
 Iskenderun's Battlesphe  Conj           100%       2d15      0%          5
 Animate Skeleton         Necr           38%        N/A       1%          1
 Apportation              Tloc           74%        N/A       1%          1
 Corona                   Hex            21%        N/A       1%          1
 Freeze                   Ice            100%       1d11      1%          1
 Sandblast                Erth           100%       2d20      1%          1
 Sting                    Tmut/Pois      76%        1d6       1%          1
 Summon Small Mammal      Summ           100%       N/A       1%          1
 Blink                    Tloc           N/A        N/A       1%          2
 Call Imp                 Summ           57%        N/A       1%          2
 Corpse Rot               Necr/Air       N/A        N/A       1%          2
 Ensorcelled Hibernation  Hex/Ice        58%        N/A       1%          2
 Passwall                 Tmut/Erth      56%        N/A       1%          2
 Poisonous Vapours        Pois/Air       58%        N/A       1%          2
 Slow                     Hex            19%        N/A       1%          2
 Sublimation of Blood     Necr           9%         N/A       1%          2
 Call Canine Familiar     Summ           57%        N/A       1%          3
 Dazzling Flash           Conj/Hex       100%       N/A       1%          3
 Frozen Ramparts          Ice            58%        1d7       1%          3
 Gell's Gravitas          Tloc           18%        N/A       1%          3
 Ignite Poison            Fire/Tmut/Pois 80%        N/A       1%          3
 Inner Flame              Hex/Fire       95%        N/A       1%          3
 Lesser Beckoning         Tloc           18%        N/A       1%          3
 Mephitic Cloud           Conj/Pois/Air  82%        N/A       1%          3
 Portal Projectile        Hex/Tloc       56%        N/A       1%          3
 Summon Guardian Golem    Hex/Summ       40%        N/A       1%          3
 Teleport Other           Tloc           37%        N/A       1%          3
 Fulminant Prism          Conj/Hex       39%        3d18      1%          4
 Hailstorm                Conj/Ice       98%        3d19      1%          4
 Leda's Liquefaction      Hex/Erth       34%        N/A       1%          4
 Petrify                  Tmut/Erth      68%        N/A       1%          4
 Freezing Cloud           Conj/Ice/Air   51%        6-21      1%          5
 Irradiate                Conj/Tmut      39%        3d26      1%          5
 Lee's Rapid Deconstruct  Erth           46%        3d23*     1%          5
 Summon Ice Beast         Ice/Summ       57%        N/A       2%          4
 Summon Lightning Spire   Summ/Air       57%        N/A       2%          4
 Confusing Touch          Hex            19%        N/A       3%          3
 Ozocubu's Armour         Ice            29%        N/A       3%          3
 Spider Form              Tmut/Pois      9%         N/A       3%          3
 Swiftness                Air            29%        N/A       3%          3
 Tukima's Dance           Hex            19%        N/A       3%          3
 Olgreb's Toxic Radiance  Pois           19%        N/A       3%          4
 Passage of Golubria      Tloc           N/A        N/A       3%          4
 Summon Forest            Summ/Tloc      24%        N/A       3%          5
 Summon Mana Viper        Hex/Summ       40%        N/A       7%          5
 Yara's Violent Unravell  Hex/Tmut       9%         3d6       8%          5
 Manifold Assault         Tloc           37%        N/A       9%          5
 Cause Fear               Hex            9%         N/A       11%         4
 Ice Form                 Ice/Tmut       29%        N/A       11%         4
 Alistair's Intoxication  Tmut/Pois      12%        N/A       26%         5
 Blade Hands              Tmut           9%         N/A       26%         5
 Metabolic Englaciation   Hex/Ice        14%        N/A       26%         5
 Starburst                Conj/Fire      65%        8x6d17    0%          6
 Orb of Destruction       Conj           54%        9d16      1%          7
 Shadow Creatures         Summ           N/A        N/A       9%          6
 Statue Form              Tmut/Erth      45%        N/A       16%         6
 Eringya's Noxious Bog    Tmut/Pois      9%         N/A       34%         6
 Summon Hydra             Summ           28%        N/A       43%         7
 Invisibility             Hex            9%         N/A       80%         6
 Simulacrum               Ice/Necr       14%        N/A       80%         6
 Ozocubu's Refrigeration  Ice            14%        4d7       85%         7
 Shatter                  Erth           46%        3d35*     88%         9
 Dragon Form              Tmut           9%         N/A       100%        7
 Borgnjor's Revivificati  Necr           9%         N/A       100%        8
 Infestation              Necr           9%         N/A       100%        8
 Necromutation            Tmut/Necr      9%         N/A       100%        8
 Death's Door             Necr           9%         N/A       100%        9
 Dragon's Call            Summ           28%        N/A       100%        9
 Animate Armour           Summ/Erth      Unusable   N/A       N/A         4

Dungeon Overview and Level Annotations

Branches:
Dungeon (15/15)            Temple (1/1) D:4            Lair (6/6) D:10
  Swamp (4/4) Lair:4        Snake (4/4) Lair:3        Slime (5/5) Lair:6
    Orc (2/2) D:9             Elf (3/3) Orc:2        Vaults (5/5) D:13
  Crypt (3/3) Vaults:2       Tomb (3/3) Crypt:3      Depths (5/5) D:15
   Hell (visited)             Zot (0/5) Depths:5    Volcano (visited)
 WizLab (visited)         Desolation (visited)
    Dis: Hell:1         Geh: Hell:1         Coc: Hell:1         Tar: Hell:1

Altars:
Ashenzari
Cheibriados
Dithmenos
Elyvilon
Fedhas
Gozag
Kikubaaqudgha
Makhleb
Nemelex Xobeh
Okawaru
Qazlal
Ru
Sif Muna
Trog
Uskayaw
Vehumet
Wu Jian
Yredelemnul
The Shining One

Shops:
D:6 =   D:7 *   D:8 (   D:10 *   D:11 !   D:14 !   Orc:1 [*   Orc:2 (:[*
Elf:1 !   Elf:3 *   Snake:1 [[[[   Vaults:3 ?   Vaults:5 :   Depths:1 *
Depths:3 (   Depths:5 =(

Portals:
Hell: Depths:1 Depths:2 Depths:3 Depths:4 Depths:5
Abyss: Depths:1 Depths:4 Depths:5
Pandemonium: Depths:3 Depths:5
Ziggurat: Depths:4
Trove: D:10 (give 5 scrolls of blinking)

Annotations:
D:9 brown ugly thing
D:14 exclusion: obsidian statue
Vaults:1 3 runed translucent doors, Tixtol's ghost, adept DjIE
Depths:1 2 transporters, EtherCrawl's ghost, journeyman MiBe
Hell Geryon


Innate Abilities, Weirdness & Mutations

You can breathe blasts of scalding, opaque steam.
Your pale cyan-grey scales are hard. (AC +13)
You cannot fit into any form of body armour.
You are cold-blooded and may be slowed by cold attacks.
You are immune to the effects of steam.
You have sharp fingernails.
You are partially covered in large bone plates. (SH +4)
You are frail. (-10% HP)


Message History

You feel much better.
A mummy priest comes into view.
The mummy priest calls on the powers of darkness!
Your body is wracked with pain!
* * * LOW HITPOINT WARNING * * *
The bennu convulses!
The emperor scorpion convulses! x3
An ancient champion comes into view.
It is wielding a +3 great mace of freezing.
The royal mummy gestures wildly while chanting.
The guardian mummy completely misses you.
The lich touches you but does no damage.
You hear a loud "Zot"!
A revenant comes into view.
The ancient champion hits you with a +0 great mace of draining.
* * * LOW HITPOINT WARNING * * *
You partially resist.
You feel drained.
The mummy priest calls on the powers of darkness!
Your body is wracked with pain!
* * * LOW HITPOINT WARNING * * *
The bennu convulses!
The emperor scorpion convulses! x4
The ancient champion casts a spell.
The ancient champion seems to speed up.
The ancient champion gestures wildly while chanting.
The ancient champion seems to speed up.
Unknown command.
Blink to where?
Press: ? - help, Dir - move target
As you read the scroll of blinking, it crumbles to dust.
A death scarab comes into view. x2
The bennu pecks your fire vortex!! The bennu claws your fire vortex!
Your fire vortex dissipates!
The death scarab bites you but does no damage.
The bennu jubilantly flits about.
You block the death scarab's attack. The death scarab bites you!
* * * LOW HITPOINT WARNING * * *
The death scarab drains your vigour!
You feel as though you will be slow longer.
The death scarab draws strength from your injuries!
The death scarab is engulfed in blazing flames.
The death scarab bites you!
You die...

#...^..#
#......#
#......#
#^.....#
#...^..#
#v.bb..#.
+..b.B.Bz
#....b○#.^.
#@BM)B.#.....
#bB)...# ....
##zM.MB.##..B.
##.....^M.##.?M
#..$.L.MM..##
^..zM.MzzM..##
...MMz..M....##
.L.....M..M...#
..............#


You could see 2 royal mummies, a revenant, a lich, 5 bennus, 4 ancient
champions, a mummy priest, a skeletal warrior, 8 guardian mummies, 6 death
scarabs, a flying skull, 3 mummies and a friendly fire vortex.

Vanquished Creatures
  the Royal Jelly (Slime:5)
  4 dread liches
  An ancient lich (Vaults:5)
  Mennas (Crypt:1)
  Mara (Vaults:5)
  A juggernaut (Depths:2)
  20 royal mummies
  A caustic shrike (Depths:2)
  A golden dragon (Vaults:5)
  Jory (Depths:1)
  A profane servitor (Abyss:3)
  3 bone dragons
  4 tentacled monstrosities
  5 liches
  6 titans (Vaults:5)
  3 quicksilver dragons
  3 deep elf blademasters
  8 acid blobs (Slime:5)
  2 deep elf master archers (Elf:3)
  3 Executioners
  17 tentacled starspawn
  2 shadow dragons
  11 sphinxes
  7 ancient champions
  7 tengu reavers
  A thorn hunter (Abyss:3)
  9 azure jellies
  A draconian monk (Depths:5)
  2 revenants
  Donald (Snake:2)
  10 rockslimes
  11 nagarajas
  3 iron dragons
  13 vault wardens
  5 frost giants
  4 fire giants
  An orc warlord (Orc:2)
  Louise (Swamp:4)
  A draconian scorcher (Depths:5)
  An imperial myrmidon (Desolation)
  2 ghost moths (Depths:1)
  7 deep elf sorcerers
  2 cacodemons
  A draconian shifter (Depths:5)
  A curse skull (Vaults:2)
  11 ironbound preservers
  A draconian stormcaller (Abyss:4)
  3 spriggan defenders
  2 deep elf elementalists (Elf:3)
  37 very ugly things
  A ghoul (Crypt:3)
  11 war gargoyles
  15 stone giants
  4 bennus (Tomb:3)
  A green draconian (Depths:5)
  10 quicksilver oozes (Slime:5)
  10 vampire knights
  An ophan (Abyss:1)
  3 deep elf demonologists
  6 deep elf annihilators
  A halazid warlock (Desolation)
  3 lorocyprocas
  A black draconian (Abyss:3)
  8 dire elephants
  3 bunyips
  An entropy weaver (Vaults:2)
  9 spark wasps
  3 yellow draconians (Depths:5)
  3 eleionomae
  3 green deaths
  8 eidola
  2 blizzard demons
  6 crystal guardians
  6 jiangshi
  8 deep elf death magi
  17 mummy priests
  13 ettins
  4 ragged hierophants (Desolation)
  9 fire dragons
  2 quicksilver dragon zombies
  A merfolk impaler (Depths:2)
  A shambling mangrove (Abyss:3)
  4 deep elf high priests
  11 rakshasas
  8 ice dragons
  6 servants of whispers (Desolation)
  12 yaktaur captains
  12 great orbs of eyes
  28 vault guards
  11 hydras
  6 spriggan air magi
  6 naga warriors
  13 peacekeepers
  25 centaur warriors
  2 ironbound thunderhulks
  An anaconda (shapeshifter) (Vaults:5)
  A hydra (shapeshifter) (Depths:5)
  The ghost of Cypnuxke the Spear-Bearer, a journeyman MfGl of Hepliaklqana (D:13)
  2 salamander tyrants
  A ghost crab (Swamp:3)
  4 boulder beetles
  3 death knights
  9 ironbound frosthearts
  36 dancing weapons
  3 catoblepae (Lair:6)
  13 anacondas
  7 death yaks
  6 alligators
  34 death scarabs
  5 two-headed ogres
  Urug (Lair:6)
  9 deep troll shamans
  6 hell hogs
  3 orc high priests (Orc:2)
  9 deep troll earth magi
  11 naga sharpshooters
  9 ironbound beastmasters
  7 spriggan berserkers
  3 titan zombies (Crypt:3)
  A vampire mage (Crypt:2)
  5 tengu warriors
  8 shock serpents
  4 soul eaters
  20 thrashing horrors
  15 hell knights
  18 deep elf knights
  A storm dragon zombie (Crypt:3)
  12 wretched stars
  A titan skeleton (Tomb:2)
  17 shadow wraiths
  4 sun demons
  3 sixfirhies
  10 iron trolls
  2 storm dragon skeletons
  7 goliath frogs
  7 spatial maelstroms
  A goliath frog (shapeshifter) (Vaults:5)
  42 skeletal warriors
  A death drake (Abyss:1)
  4 salamander mystics
  5 nameless horrors
  32 deep trolls
  3 spriggan druids
  11 glowing orange brains
  7 flayed ghosts
  11 wizards
  6 bog bodies
  2 orange crystal statues
  8 naga ritualists
  7 lindwurms
  4 harpies (Vaults:2)
  8 deep elf archers
  4 swamp dragons
  19 phantasmal warriors
  16 ironbound convokers
  A wolf spider zombie (Crypt:3)
  Pikel (D:4)
  7 mana vipers
  13 necromancers
  4 orc knights (Orc:2)
  25 deep elf zephyrmancers
  A tengu skeleton (Vaults:2)
  2 anaconda skeletons
  3 orc sorcerers (Orc:2)
  28 deep elf pyromancers
  8 cyclopes
  A wolf spider (D:14)
  A shadow dragon skeleton (Crypt:2)
  8 manticores
  A stone giant zombie (Tomb:1)
  20 salamanders
  A shining eye (Slime:4)
  A frost giant zombie (Crypt:1)
  An orb spider (Abyss:4)
  45 ugly things
  2 will-o-the-wisps
  4 oklob plants
  3 elephants (Lair:6)
  A moth of wrath (shapeshifter) (Depths:2)
  Maurice (D:8)
  2 dire elephant zombies
  18 guardian serpents
  6 worldbinders
  9 smoke demons
  2 black mambas (shapeshifter)
  A water nymph (shapeshifter) (D:13)
  2 fire giant skeletons
  A guardian serpent (shapeshifter) (Abyss:1)
  5 apocalypse crabs
  A water nymph (Abyss:3)
  2 eyes of devastation
  13 naga magi
  3 rust devils
  13 vault sentinels
  Joseph (D:8)
  2 torpor snails
  10 cane toads
  4 orange demons
  4 gargoyles (D:12)
  A cane toad (shapeshifter) (Vaults:5)
  3 unseen horrors
  34 black mambas
  A molten gargoyle (Desolation)
  A dire elephant skeleton (Crypt:1)
  A storm dragon simulacrum (Tomb:1)
  An emperor scorpion zombie (Crypt:3)
  A titan simulacrum (Abyss:1)
  3 kobold demonologists
  2 spriggan skeletons
  5 rime drakes
  A hellion (Abyss:3)
  An elf skeleton (Vaults:4)
  A black draconian skeleton (Crypt:2)
  An efreet (Abyss:2)
  An elephant slug zombie (Crypt:2)
  13 komodo dragons
  A sea snake zombie (Crypt:2)
  13 freezing wraiths
  38 yaktaurs
  16 ancient zymes
  6 ice devils
  3 tengu conjurers
  31 guardian mummies
  A queen bee (shapeshifter) (Abyss:1)
  2 yaktaur skeletons
  A red devil (Depths:3)
  6 hellwings
  A silent spectre (Abyss:3)
  5 tyrant leeches
  2 meliai
  A yellow draconian skeleton (Crypt:1)
  6 trolls
  2 polar bears (Lair:4)
  A shadow dragon simulacrum (Tomb:2)
  6 hornets
  2 polar bears (shapeshifter)
  A troll (shapeshifter) (Vaults:5)
  A hydra skeleton (Abyss:1)
  14 raiju
  A tengu simulacrum (Vaults:4)
  3 ettin zombies
  60 saltlings
  Prince Ribbit (Lair:1)
  7 blink frogs
  22 dream sheep
  A dream sheep (shapeshifter) (Vaults:5)
  A fire dragon skeleton (D:15)
  2 fire dragon zombies (Crypt:1)
  91 slime creatures
  3 water elementals
  6 redbacks
  A spriggan (shapeshifter) (D:13)
  Sigmund (D:4)
  2 air elementals (Elf:1)
  10 spriggans
  3 shadows
  52 flying skulls
  8 ynoxinuls
  An alligator skeleton (Crypt:3)
  A deep troll skeleton (Vaults:4)
  4 wyverns
  107 yaks
  4 fire bats (Abyss:1)
  4 vampires
  4 fire elementals
  14 ushabtiu
  8 wraiths
  A black mamba zombie (Crypt:1)
  A human (shapeshifter) (Depths:5)
  An ice dragon skeleton (Crypt:2)
  A tarantella (Vaults:2)
  3 basilisks
  Grum (D:9)
  8 chaos spawn
  9 neqoxecs
  A hog (shapeshifter) (Abyss:2)
  2 steam dragons
  7 golden eyes
  2 human simulacra (Vaults:2)
  A wind drake skeleton (Crypt:1)
  20 vampire mosquitoes
  4 swamp worm simulacra (Swamp:4)
  Menkaure (D:5)
  An ogre zombie (Vaults:2)
  A swamp worm (shapeshifter) (Vaults:5)
  A merfolk zombie (Crypt:2)
  18 spatial vortices
  A warg (shapeshifter) (Depths:5)
  44 nagas
  5 acid dragons
  3 wargs
  5 hell hounds
  13 swamp worms
  A floating eye (Slime:5)
  A torturous demonspawn skeleton (Crypt:2)
  34 large abominations
  10 hydra simulacra (Swamp:4)
  22 water moccasins
  26 orc warriors
  A manticore zombie (Crypt:3)
  50 small abominations
  6 swamp drakes
  4 black bears
  A human zombie (Vaults:2)
  A monstrous demonspawn skeleton (Crypt:2)
  An alligator simulacrum (Crypt:2)
  A cane toad skeleton (Crypt:1)
  An ice beast (D:7)
  4 necrophages
  A swamp dragon zombie (Abyss:3)
  9 ogres
  20 wolves
  3 lemures (D:4)
  A phantom (D:5)
  2 swamp dragon skeletons
  16 centaurs
  3 kobold brigands
  19 bullfrogs
  4 earth elementals
  4 scorpions
  A water moccasin zombie (Crypt:2)
  2 wyvern zombies
  A water moccasin skeleton (D:3)
  8 killer bees (D:10)
  10 howler monkeys
  4 wights
  5 electric eels
  A crimson imp (Abyss:3)
  6 centaur zombies
  3 lava snakes (Snake:4)
  49 starcursed masses
  A bullfrog zombie (D:7)
  6 jellies (Lair:3)
  A bullfrog skeleton (D:7)
  A hound (D:2)
  4 quasits (Abyss:1)
  A gnoll shaman (D:9)
  23 orc priests
  5 iron imps
  Jessica (D:3)
  8 iguanas
  14 orc wizards
  5 hell rats (Lair:2)
  A dwarf zombie (Crypt:1)
  54 mummies
  2 howler monkey zombies
  Robin (D:4)
  6 gnolls
  8 adders
  A swamp drake skeleton (Crypt:1)
  A shadow imp (D:5)
  4 white imps
  6 ufetubi
  4 swamp drake simulacra (Swamp:4)
  An adder skeleton (D:4)
  3 worms
  3 dart slugs
  57 orcs
  3 ball pythons
  3 bats
  17 endoplasms
  5 giant cockroaches
  5 hobgoblins
  10 kobolds
  6 quokkas
  A frilled lizard (D:3)
  A frilled lizard skeleton (Crypt:1)
  A gnoll skeleton (Crypt:2)
  20 goblins
  9 rats
  A river rat skeleton (Crypt:1)
  2 fire vortices
  A lurking horror (Abyss:1)
  25 starspawn tentacles
2831 creatures vanquished.

Vanquished Creatures (collateral kills)
  2 royal mummies (Tomb:1)
  Sojobo (Vaults:4)
  2 golden dragons
  A tentacled monstrosity (Depths:2)
  A moon troll (WizLab)
  4 liches
  4 acid blobs
  A quicksilver dragon (Vaults:5)
  A sphinx (Vaults:4)
  7 tentacled starspawn
  2 storm dragons
  3 tengu reavers
  3 azure jellies
  2 deep elf sorcerers (Elf:3)
  2 rockslimes
  2 nagarajas (Snake:4)
  2 fire giants
  3 vault wardens
  An imperial myrmidon (Desolation)
  2 deep elf elementalists (Elf:3)
  Aizul (Snake:4)
  2 spriggan defenders (Depths:2)
  A quicksilver ooze (Slime:5)
  9 stone giants
  3 ironbound preservers
  17 very ugly things
  3 vampire knights
  A green draconian (Depths:5)
  2 entropy weavers
  Azrael (Orc:2)
  3 deep elf annihilators (Elf:3)
  A black draconian (Depths:5)
  A bunyip (Swamp:3)
  2 deep elf demonologists (Elf:3)
  4 spark wasps
  An eleionoma (Swamp:3)
  A mummy priest (Tomb:2)
  2 dire elephants
  A green death (Abyss:1)
  2 deep elf death magi (Elf:3)
  3 ettins
  4 crystal guardians
  An eidolon (Depths:1)
  4 fire dragons
  A deep elf high priest (Elf:3)
  2 yaktaur captains
  2 ragged hierophants (Desolation)
  A great orb of eyes (Slime:5)
  A boulder beetle (D:13)
  2 naga warriors
  A rakshasa (Depths:4)
  A servant of whispers (Desolation)
  2 ice dragons
  2 peacekeepers
  A salamander tyrant (Snake:3)
  5 hydras
  4 centaur warriors
  A spriggan air mage (Depths:5)
  6 ironbound thunderhulks
  2 ironbound frosthearts (Vaults:1)
  A ghost crab (Swamp:3)
  A two-headed ogre (D:12)
  A death knight (Crypt:2)
  9 anacondas
  2 dancing weapons
  An alligator (Swamp:2)
  5 deep troll earth magi
  A death scarab (Tomb:1)
  3 deep troll shamans
  4 tengu warriors
  2 ironbound beastmasters (Vaults:2)
  2 naga sharpshooters
  2 spriggan berserkers
  2 deep elf knights
  2 hell knights (Depths:2)
  4 spriggans
  A shock serpent (Snake:4)
  A wretched star (Abyss:3)
  4 salamander mystics
  2 skeletal warriors (Crypt:1)
  A fire crab (shapeshifter) (Abyss:4)
  3 iron trolls
  13 deep trolls
  4 glowing orange brains
  A spriggan druid (Swamp:2)
  4 starcursed masses
  A swamp dragon (Swamp:2)
  3 flayed ghosts
  A naga ritualist (Snake:3)
  A bog body (Swamp:2)
  2 phantasmal warriors
  3 ironbound convokers
  3 deep elf archers
  3 lindwurms
  5 mana vipers
  2 necromancers
  3 deep elf zephyrmancers (Elf:3)
  An orc knight (Orc:1)
  4 deep elf pyromancers
  A frost giant zombie (D:15)
  9 ugly things
  2 orc sorcerers
  A cyclops (D:12)
  14 slime creatures
  5 salamanders
  A manticore (D:12)
  2 vault sentinels (Vaults:1)
  5 black mambas
  2 guardian serpents
  An orange demon (Abyss:2)
  3 naga magi
  2 smoke demons
  An apocalypse crab (Abyss:3)
  A gargoyle (D:12)
  An eye of devastation (WizLab)
  2 freezing wraiths (Swamp:4)
  A yellow draconian zombie (Crypt:1)
  A komodo dragon (Lair:5)
  3 yaktaurs
  An ancient zyme (Abyss:1)
  A grey draconian skeleton (Crypt:1)
  3 guardian mummies
  A tengu conjurer (Depths:2)
  A wind drake (shapeshifter) (Elf:1)
  4 saltlings (Desolation)
  6 hornets
  2 raiju
  5 dream sheep (Lair:5)
  An ettin zombie (Vaults:2)
  2 flying skulls
  A shadow (Abyss:3)
  A redback (Vaults:2)
  An air elemental (Elf:3)
  A ynoxinul (Abyss:1)
  A fire elemental (Elf:3)
  3 ushabtiu (Tomb:2)
  A basilisk (D:15)
  3 neqoxecs
  A large abomination (Depths:5)
  A swamp worm (Swamp:1)
  3 hydra simulacra (Swamp:4)
  An acid dragon (D:14)
  3 nagas (Snake:2)
  6 hell hounds
  A floating eye (Depths:5)
  2 orc warriors
  2 ogres
  A small abomination (Abyss:3)
  An orc priest (Orc:2)
  3 orc wizards
  4 mummies (Tomb:2)
  A gnoll (Orc:2)
  An ufetubus (Abyss:3)
  5 orcs (Orc:2)
  4 starspawn tentacles
395 creatures vanquished.

Vanquished Creatures (others)
  A starcursed mass (Abyss:3)
  A lorocyproca (Abyss:3)
  A hell hog (Abyss:2)
  A large abomination (Abyss:3)
  A thrashing horror (Abyss:3)
  A deep elf knight (Elf:3)
  A bog body (Swamp:4)
  An orc sorcerer (Abyss:3)
  A smoke demon (Abyss:3)
  A freezing wraith (Abyss:3)
  An efreet (Abyss:3)
  An ancient zyme (Abyss:3)
  A raiju (Abyss:3)
  A ynoxinul (Abyss:3)
  A basilisk (Lair:6)
  A golden eye (Abyss:1)
  An elf simulacrum (Vaults:2)
  A quasit (D:14)
  3 white imps
  3 ufetubi (D:14)
  An orc (Orc:2)
  2 demonic plants (WizLab)
  197 fire vortices
  2 foxfires (Swamp:3)
  70 fungi
  107 plants
  38 starspawn tentacles
  6 withered plants (D:15)
447 creatures vanquished.

Grand Total: 3673 creatures vanquished

Notes
Turn   | Place    | Note
-------+----------+-------------------------------------------
     0 | D:1      | Kold the Draconian Conjurer began the quest for the Orb.
     0 | D:1      | Reached XP level 1. HP: 14/14 MP: 3/3
   662 | D:1      | Reached XP level 2. HP: 16/20 MP: 1/5
   903 | D:1      | You fall into a shaft and drop 1 floor!
  1232 | D:2      | Reached XP level 3. HP: 25/26 MP: 0/6
  1335 | D:2      | Found a blossoming altar of Fedhas.
  1483 | D:2      | Reached skill level 5 in Conjurations
  1823 | D:2      | Reached XP level 4. HP: 33/33 MP: 2/7
  2078 | D:2      | Noticed a scorpion
  2158 | D:2      | Killed a scorpion
  2159 | D:2      | Reached skill level 6 in Conjurations
  2159 | D:2      | Reached XP level 5. HP: 35/38 MP: 8/8
  2489 | D:3      | Found a bloodstained altar of Trog.
  2503 | D:3      | Found a faded altar of an unknown god.
  2597 | D:3      | Learned a level 2 spell: Searing Ray
  2602 | D:3      | Learned a level 4 spell: Iskenderun's Mystic Blast
  3081 | D:3      | Noticed Jessica
  3086 | D:3      | Reached skill level 7 in Conjurations
  3088 | D:3      | Killed Jessica
  3417 | D:3      | Reached XP level 6. HP: 45/45 MP: 9/9
  3877 | D:4      | Reached skill level 8 in Conjurations
  4097 | D:4      | Your scales start taking on a pale cyan-grey colour.
  4097 | D:4      | Reached XP level 7. HP: 14/50 MP: 10/10
  4097 | D:4      | Gained mutation: You are immune to the effects of steam.
                  | [Pale Draconian growth]
  4437 | D:4      | Noticed Robin
  4447 | D:4      | Killed Robin
  4634 | D:4      | Noticed Pikel
  4971 | D:4      | Killed Pikel
  4972 | D:4      | Reached skill level 10 in Conjurations
  4972 | D:4      | Reached XP level 8. HP: 57/57 MP: 10/11
  5078 | D:4      | Reached skill level 1 in Translocations
  5187 | D:4      | Noticed Sigmund
  5208 | D:4      | Killed Sigmund
  5440 | D:4      | Found a staircase to the Ecumenical Temple.
  5452 | Temple   | Entered the Ecumenical Temple
  5572 | Temple   | Became a worshipper of Vehumet
  5899 | D:5      | Entered Level 5 of the Dungeon
  5906 | D:5      | Identified the +0 chain mail of the Untouchables {rN+
                  | Will+}
  6455 | D:5      | Noticed Menkaure
  6463 | D:5      | Killed Menkaure
  6464 | D:5      | Reached skill level 11 in Conjurations
  7315 | D:6      | Reached XP level 9. HP: 58/62 MP: 13/13
  7321 | D:6      | Learned a level 5 spell: Iskenderun's Battlesphere
  8200 | D:6      | Found Tura's Jewellery Shop.
  8498 | D:7      | Reached skill level 12 in Conjurations
  8805 | D:7      | Reached skill level 5 in Spellcasting
  9334 | D:7      | Found Niell's Assorted Antiques.
  9681 | D:7      | Reached XP level 10. HP: 57/69 MP: 20/21
 10098 | D:8      | Reached * piety under Vehumet
 10098 | D:8      | Offered knowledge of Foxfire by Vehumet.
 10144 | D:8      | Learned a level 5 spell: Bolt of Magma
 10152 | D:8      | Learned a level 7 spell: Orb of Destruction
 10354 | D:8      | Noticed Joseph
 10364 | D:8      | Killed Joseph
 10365 | D:8      | Reached skill level 1 in Fighting
 10556 | D:8      | Noticed Maurice
 10579 | D:8      | Killed Maurice
 10715 | D:8      | Found a flagged portal.
 10873 | D:8      | Noticed a cyclops
 10876 | D:8      | Found Poumapse's Weapon Shop.
 11720 | D:9      | Reached ** piety under Vehumet
 11720 | D:9      | Offered knowledge of Static Discharge by Vehumet.
 12042 | D:9      | Reached XP level 11. HP: 85/85 MP: 23/23
 12052 | D:9      | Found an ornate altar of the Wu Jian Council.
 12054 | D:9      | Found a shimmering blue altar of Sif Muna.
 12227 | D:9      | Noticed Grum
 12243 | D:9      | Killed Grum
 12385 | D:9      | Found a white marble altar of Elyvilon.
 12467 | D:9      | Noticed a centaur warrior
 12477 | D:9      | Killed a centaur warrior
 12478 | D:9      | Reached skill level 5 in Fighting
 12478 | D:9      | Reached skill level 5 in Dodging
 12766 | D:9      | Noticed a centaur warrior
 12769 | D:9      | Killed a centaur warrior
 12770 | D:9      | Reached skill level 13 in Conjurations
 12771 | D:9      | Noticed a centaur warrior
 12801 | D:9      | Killed a centaur warrior
 13342 | D:9      | Noticed a brown ugly thing
 13426 | D:9      | Found a staircase to the Orcish Mines.
 13559 | D:10     | Entered Level 10 of the Dungeon
 13620 | D:10     | Noticed a two-headed ogre
 13625 | D:10     | Killed a two-headed ogre
 13680 | D:10     | Noticed a two-headed ogre
 13683 | D:10     | Killed a two-headed ogre
 13684 | D:10     | Reached skill level 10 in Spellcasting
 13741 | D:10     | Found a staircase to the Lair.
 13871 | D:10     | Found a runed translucent door.
 13882 | D:10     | Reached skill level 14 in Conjurations
 13890 | D:10     | Reached skill level 1 in Fire Magic
 14066 | D:10     | Found a runed translucent door.
 14080 | D:10     | Found a runed translucent door.
 14097 | D:10     | Found a runed translucent door.
 14324 | D:10     | Offered knowledge of Poisonous Vapours by Vehumet.
 14435 | D:10     | Found a portal to a secret trove of treasure.
 14681 | D:10     | Found Mueca's Merry Market.
 14747 | D:10     | Identified a scroll of acquirement
 14747 | D:10     | Acquired a staff of conjuration
 15301 | D:10     | Reached XP level 12. HP: 94/94 MP: 21/26
 15303 | D:10     | Reached *** piety under Vehumet
 15685 | D:7      | Bought a leatherbound book for 480 gold pieces
 15829 | D:11     | Reached skill level 1 in Evocations
 16421 | D:11     | Found Owid's Distillery.
 17003 | Lair:1   | Entered Level 1 of the Lair of Beasts
 17046 | Lair:1   | Offered knowledge of Frozen Ramparts by Vehumet.
 17053 | Lair:1   | Learned a level 3 spell: Frozen Ramparts
 17106 | Lair:1   | Reached skill level 5 in Fire Magic
 17143 | Lair:1   | Noticed Prince Ribbit
 17152 | Lair:1   | Killed Prince Ribbit
 18489 | Lair:2   | Reached **** piety under Vehumet
 18666 | Lair:2   | Offered knowledge of Sticky Flame by Vehumet.
 18667 | Lair:2   | Reached skill level 1 in Shields
 19821 | Lair:3   | Found a burning altar of Makhleb.
 20257 | Lair:3   | Reached ***** piety under Vehumet
 20258 | Lair:3   | Reached XP level 13. HP: 105/105 MP: 11/27
 21105 | Lair:3   | Offered knowledge of Starburst by Vehumet.
 21118 | Lair:3   | Learned a level 6 spell: Starburst
 21616 | Lair:3   | Found a staircase to the Snake Pit.
 22331 | Lair:4   | Noticed a dire elephant
 22642 | Lair:4   | Reached skill level 15 in Conjurations
 22855 | Lair:4   | Killed a dire elephant
 23368 | Lair:4   | Learned a level 7 spell: Spellforged Servitor
 23616 | Lair:4   | Reached skill level 1 in Summonings
 24276 | Lair:4   | Found a staircase to the Swamp.
 24785 | Lair:4   | Reached XP level 14. HP: 119/119 MP: 26/28
 25390 | Lair:5   | Reached skill level 10 in Fighting
 25945 | Lair:5   | Found a hide-covered altar of Uskayaw.
 26175 | Lair:6   | Entered Level 6 of the Lair of Beasts
 26181 | Lair:6   | Found a dark tunnel.
 26199 | Volcano  | Entered a volcano
 26251 | Volcano  | Found a burning altar of Makhleb.
 26329 | Volcano  | Offered knowledge of Conjure Ball Lightning by Vehumet.
 26487 | Lair:6   | Noticed Urug
 26493 | Lair:6   | Killed Urug
 26947 | Lair:6   | Reached skill level 5 in Summonings
 27100 | Lair:6   | Reached skill level 16 in Conjurations
 27208 | Lair:6   | Identified the +5 whip of the Wizarding Seer {flame, +Rage
                  | rN+ Dex+9}
 27449 | Lair:6   | Found a staircase to the Slime Pits.
 28110 | Lair:6   | Reached skill level 10 in Dodging
 28430 | Lair:6   | Identified the +11 mace of Forced Transition {distort,
                  | Str+4}
 28678 | Orc:1    | Entered Level 1 of the Orcish Mines
 28893 | Orc:1    | Found Lurchoev's Assorted Antiques.
 28979 | Orc:2    | Entered Level 2 of the Orcish Mines
 28979 | Orc:2    | Noticed Azrael
 29839 | D:12     | Reached XP level 15. HP: 132/132 MP: 20/29
 29991 | D:11     | Learned a level 6 spell: Iron Shot
 30314 | D:12     | Reached skill level 1 in Earth Magic
 30922 | D:13     | Offered knowledge of Lightning Bolt by Vehumet.
 31063 | D:13     | Found an iron altar of Okawaru.
 31110 | D:13     | Found a transporter.
 31368 | D:13     | Noticed Cypnuxke's ghost (journeyman MfGl)
 31370 | D:13     | Identified the +10 great mace "Xiwe" {freeze, rC- Str+3
                  | SInv}
 31370 | D:13     | Noticed a frost giant
 31373 | D:13     | Found a transporter.
 31940 | D:13     | Found a gate to the Vaults.
 32708 | D:14     | Identified the amulet "Tugeoh" {Faith Fly}
 33347 | D:14     | Found Bycaet's Distillery.
 33893 | D:14     | Acquired a book of Ice
 34414 | D:15     | Entered Level 15 of the Dungeon
 35429 | D:15     | Found a staircase to the Depths.
 36345 | D:15     | Reached skill level 5 in Earth Magic
 36836 | Orc:2    | Killed Azrael
 37138 | Orc:1    | Found Epesk's Armour Shop.
 37151 | Orc:1    | Bought a +0 pair of boots for 76 gold pieces
 37288 | Orc:2    | Found a staircase to the Elven Halls.
 37909 | Orc:2    | Reached ****** piety under Vehumet
 38142 | Orc:2    | Offered knowledge of Eringya's Noxious Bog by Vehumet.
 38446 | Orc:2    | Noticed an orc warlord
 38455 | Orc:2    | Killed an orc warlord
 38793 | Orc:2    | Reached XP level 16. HP: 141/141 MP: 16/30
 39125 | Orc:2    | Found Taeth's Antique Armour Shoppe.
 39164 | Orc:2    | Found Ligolomi's Antique Weapon Emporium.
 39166 | Orc:2    | Found Rugew's General Store.
 39166 | Orc:2    | Found Qotugh's Book Shoppe.
 39171 | Orc:2    | Bought a hat for 76 gold pieces
 39178 | Orc:2    | Bought a translucent whip for 217 gold pieces
 39178 | Orc:2    | Identified the +9 whip of the Hall of Blades {freeze, rElec
                  | rN+ Str+2} (You bought it in a shop on level 2 of the
                  | Orcish Mines)
 39178 | Orc:2    | Bought a faintly glowing long sword for 246 gold pieces
 39178 | Orc:2    | Identified the +7 long sword "Uvymaqe" {freeze, rCorr Int-5
                  | Dex+3} (You bought it in a shop on level 2 of the Orcish
                  | Mines)
 39192 | Orc:2    | Bought a potion of heal wounds for 80 gold pieces
 39192 | Orc:2    | Bought a potion of heal wounds for 80 gold pieces
 39192 | Orc:2    | Bought a scroll of enchant armour for 120 gold pieces
 39194 | Orc:2    | Bought a book of Fire for 650 gold pieces
 39354 | Elf:1    | Entered Level 1 of the Elven Halls
 39514 | Elf:1    | Found a magical portal.
 39523 | WizLab   | Entered Lehudib's Moon Base
 39539 | WizLab   | Noticed a tentacled starspawn
 39544 | WizLab   | Killed a tentacled starspawn
 39578 | WizLab   | Gained mutation: Potions are less effective at restoring
                  | your health. [a neqoxec]
 39588 | WizLab   | Reached skill level 17 in Conjurations
 39830 | WizLab   | Found a transporter.
 39849 | WizLab   | Paralysed by a great orb of eyes for 5 turns
 39889 | WizLab   | Offered knowledge of Yara's Violent Unravelling by Vehumet.
 40263 | WizLab   | Noticed a quicksilver dragon
 40265 | WizLab   | Noticed a tentacled starspawn
 40268 | WizLab   | Killed a quicksilver dragon
 40269 | WizLab   | Killed a tentacled starspawn
 40537 | WizLab   | Noticed a tentacled starspawn
 40550 | WizLab   | Killed a tentacled starspawn
 40716 | WizLab   | Noticed a tentacled starspawn
 40718 | WizLab   | Killed a tentacled starspawn
 40718 | WizLab   | Noticed a tentacled starspawn
 40720 | WizLab   | Noticed a tentacled starspawn
 40723 | WizLab   | Killed a tentacled starspawn
 40728 | WizLab   | Killed a tentacled starspawn
 41062 | WizLab   | Noticed a tentacled starspawn
 41069 | WizLab   | Killed a tentacled starspawn
 41335 | WizLab   | Noticed a tentacled starspawn
 41338 | WizLab   | Killed a tentacled starspawn
 41380 | WizLab   | Noticed a tentacled starspawn
 41400 | WizLab   | Killed a tentacled starspawn
 41581 | WizLab   | Noticed a quicksilver dragon
 41582 | WizLab   | Noticed a tentacled starspawn
 41586 | WizLab   | Killed a quicksilver dragon
 41592 | WizLab   | Killed a tentacled starspawn
 41673 | WizLab   | Found a transporter.
 41922 | WizLab   | Noticed a moon troll
 42005 | WizLab   | Identified the +2 pair of gloves of Yxticot {+Blink rF+
                  | Stlth+}
 42057 | WizLab   | Noticed a tentacled starspawn
 42102 | WizLab   | Killed a moon troll
 42119 | WizLab   | Reached XP level 17. HP: 137/151 MP: 0/32
 42257 | WizLab   | Identified the amulet of Sif Muna's Fury {Contam Harm rElec
                  | rPois rC+ Regen+}
 42281 | WizLab   | Identified the ring of Xom's Recklessness {Wiz +Blink rPois
                  | SInv}
 42292 | WizLab   | Identified the +7 flail of Hacking and Slashing {holy,
                  | +Rage}
 42492 | Lair:1   | Lost mutation: Potions are less effective at restoring your
                  | health. [potion of mutation]
 42492 | Lair:1   | Gained mutation: You are frail. (-10% HP) [potion of
                  | mutation]
 42492 | Lair:1   | Gained mutation: You are agile. (Dex +2) [potion of
                  | mutation]
 42492 | Lair:1   | Gained mutation: You expend magic power (3 MP) to
                  | strengthen your wands. [potion of mutation]
 42493 | Lair:1   | Lost mutation: You are agile. (Dex +2) [potion of mutation]
 42493 | Lair:1   | Lost mutation: You are frail. (-10% HP) [potion of
                  | mutation]
 42493 | Lair:1   | Gained mutation: You are dopey. (Int -2) [potion of
                  | mutation]
 42493 | Lair:1   | Gained mutation: You possess an exceptional clarity of
                  | mind. [potion of mutation]
 42494 | Lair:1   | Lost mutation: You are dopey. (Int -2) [potion of mutation]
 42494 | Lair:1   | Gained mutation: Your spells are a little easier to cast,
                  | but a little less powerful. [potion of mutation]
 42494 | Lair:1   | Gained mutation: You are frail. (-10% HP) [potion of
                  | mutation]
 42494 | Lair:1   | Gained mutation: You sometimes lose the ability to read
                  | scrolls when taking damage. [potion of mutation]
 42494 | Lair:1   | Gained mutation: Your system is resistant to poisons.
                  | (rPois) [potion of mutation]
 42495 | Lair:1   | Lost mutation: Your spells are a little easier to cast, but
                  | a little less powerful. [potion of mutation]
 42495 | Lair:1   | Lost mutation: You are frail. (-10% HP) [potion of
                  | mutation]
 42495 | Lair:1   | Gained mutation: You are weak. (Str -2) [potion of
                  | mutation]
 42495 | Lair:1   | Gained mutation: You are dopey. (Int -2) [potion of
                  | mutation]
 42496 | Lair:1   | Lost mutation: You expend magic power (3 MP) to strengthen
                  | your wands. [potion of mutation]
 42496 | Lair:1   | Lost mutation: You sometimes lose the ability to read
                  | scrolls when taking damage. [potion of mutation]
 42496 | Lair:1   | Gained mutation: Your flesh is cold resistant. (rC+)
                  | [potion of mutation]
 42496 | Lair:1   | Gained mutation: Your skin changes colour to match your
                  | surroundings (Stealth+). [potion of mutation]
 42496 | Lair:1   | Gained mutation: You are very weak. (Str -4) [potion of
                  | mutation]
 42497 | Lair:1   | Lost mutation: You are dopey. (Int -2) [potion of mutation]
 42497 | Lair:1   | Lost mutation: You are very weak. (Str -4) [potion of
                  | mutation]
 42497 | Lair:1   | Lost mutation: You are weak. (Str -2) [potion of mutation]
 42497 | Lair:1   | Lost mutation: Your flesh is cold resistant. (rC+) [potion
                  | of mutation]
 42497 | Lair:1   | Gained mutation: You are weak. (Str -2) [potion of
                  | mutation]
 42497 | Lair:1   | Gained mutation: Your spells are a little harder to cast,
                  | but a little more powerful. [potion of mutation]
 42550 | Snake:1  | Entered Level 1 of the Snake Pit
 42626 | Snake:1  | Found Jemoluck's Armour Shop.
 42629 | Snake:1  | Found Emot's Armour Boutique.
 42631 | Snake:1  | Found Utifeowk's Antique Armour Shop.
 42640 | Snake:1  | Bought a +2 pair of boots of stealth for 301 gold pieces
 43306 | Snake:1  | Found Kiusis's Armour Boutique.
 43544 | Swamp:1  | Entered Level 1 of the Swamp
 43570 | Swamp:1  | Learned a level 5 spell: Fireball
 43957 | Swamp:1  | Offered knowledge of Eringya's Noxious Bog by Vehumet.
 44036 | Swamp:1  | Identified the +8 rapier "Kiwk" {antimagic, rC+}
 45557 | Swamp:2  | Reached skill level 18 in Conjurations
 46059 | Swamp:3  | Identified the +4 hunting sling of the Briny Deep {speed,
                  | rElec rN+ SInv}
 46815 | Swamp:4  | Entered Level 4 of the Swamp
 47013 | Swamp:4  | Offered knowledge of Lehudib's Crystal Spear by Vehumet.
 47023 | Swamp:4  | Learned a level 8 spell: Lehudib's Crystal Spear
 47410 | Swamp:4  | Noticed a tentacled monstrosity
 47414 | Swamp:4  | Killed a tentacled monstrosity
 47519 | Swamp:4  | Noticed Louise
 47527 | Swamp:4  | Killed Louise
 47935 | Swamp:4  | Reached XP level 18. HP: 148/161 MP: 29/34
 48149 | Swamp:4  | Got a decaying rune of Zot
 49017 | Orc:2    | Bought a book of the Earth for 650 gold pieces
 49877 | Snake:2  | Reached skill level 10 in Earth Magic
 50014 | Snake:2  | Noticed Donald
 50017 | Snake:2  | Killed Donald
 50236 | Snake:2  | Offered knowledge of Fire Storm by Vehumet.
 50236 | Snake:2  | Offered knowledge of Chain Lightning by Vehumet.
 50236 | Snake:2  | Offered knowledge of Polar Vortex by Vehumet.
 52697 | Snake:3  | Upgraded the game from 0.27-a0-1200-g94dc6ad4cf to
                  | 0.27-a0-1202-ge72e49191c
 52697 | Snake:3  | Upgraded the game from 0.27-a0-1202-ge72e49191c to
                  | 0.27-a0-1287-gca74d27db6
 52984 | Snake:4  | Entered Level 4 of the Snake Pit
 53592 | Snake:4  | Identified the +1 pair of gloves of the End {Will+ Int+2}
 53635 | Snake:4  | Reached skill level 15 in Fighting
 53637 | Snake:4  | Reached skill level 19 in Conjurations
 54589 | Snake:4  | Reached XP level 19. HP: 166/170 MP: 12/36
 54689 | Snake:4  | Identified the +2 scale mail of Whack-A-Mole {Fly rN+
                  | Slay+3}
 55550 | Snake:4  | Got a serpentine rune of Zot
 55810 | Snake:4  | Noticed Aizul
 55917 | Snake:4  | Killed Aizul
 57710 | Elf:1    | Found Raxaq's Distillery.
 58025 | Elf:1    | Identified Onejim's Volume of Supportive Attacks
 58434 | Elf:2    | Acquired the +3 Elemental Staff {rElec rF++ rC++ Will++
                  | AC+5}
 58435 | Elf:2    | Found the +3 Elemental Staff {rElec rF++ rC++ Will++ AC+5}
 58499 | Elf:2    | Identified the ring of Moodiness {rPois rF+ Int-5 Dex+5}
 58939 | Elf:2    | Found a runed translucent gate.
 58939 | Elf:2    | Found a runed translucent gate.
 58940 | Elf:2    | Found a runed translucent gate.
 59004 | Elf:2    | Reached skill level 10 in Fire Magic
 59856 | Elf:2    | Reached skill level 20 in Conjurations
 60514 | Elf:3    | Entered Level 3 of the Elven Halls
 60853 | Elf:3    | Found Aqifag's Assorted Antiques.
 60920 | Elf:3    | Reached XP level 20. HP: 163/180 MP: 21/37
 60923 | Elf:3    | Reached skill level 1 in Staves
 61362 | Elf:3    | Identified the +4 scale mail of Guomapp {+Blink rPois
                  | Slay+2 SInv}
 62095 | Elf:3    | Identified the ring of Rujul {rN+ Int+3 Slay+3 Stlth-}
 62207 | Elf:3    | Identified the +1 robe of the Lion {rC- Regen+ Str+4}
 62525 | Elf:3    | Identified the +10 dagger "Ogrebane" {flame, Int+3}
 62525 | Elf:3    | Identified the amulet "Uplepuca" {Reflect rPois rC+ Will+
                  | SH+5}
 62575 | Elf:3    | Identified the +6 rapier of the Abyss {drain, Will++ Int-3}
 62833 | Elf:3    | Identified the +2 halberd "Morghiz" {holy, Will+ Dex+3}
 63684 | Elf:3    | Identified Sif Muna's Almanac of Fiery Stones
 64190 | D:13     | Killed Cypnuxke's ghost
 64320 | Vaults:1 | Entered Level 1 of the Vaults
 64953 | Vaults:1 | Learned a level 9 spell: Fire Storm
 65758 | Vaults:1 | You fall into a shaft and drop 1 floor!
 65979 | Vaults:1 | Reached skill level 21 in Conjurations
 66021 | Vaults:1 | Reached XP level 21. HP: 189/189 MP: 31/38
 66099 | Vaults:1 | Found a runed translucent gate.
 66099 | Vaults:1 | Noticed Tixtol's ghost (adept DjIE)
 66100 | Vaults:1 | Found a runed translucent gate.
 66100 | Vaults:1 | Found a runed translucent gate.
 67295 | Vaults:2 | Identified the Compendium of Dark Arts and Orientation
 67602 | Vaults:2 | Found a basalt altar of Yredelemnul.
 67627 | Vaults:2 | Found a staircase to the Crypt.
 67628 | Vaults:2 | Found an ancient bone altar of Kikubaaqudgha.
 69824 | Vaults:2 | You fall into a shaft and drop 1 floor!
 69894 | Vaults:3 | Reached skill level 15 in Dodging
 69940 | Vaults:3 | Found Lutina's Magic Scroll Boutique.
 70044 | Vaults:3 | Found a ruined gateway.
 70050 | Desolati | Entered the Desolation of Salt
 70958 | Desolati | Identified the ring of Oenomania {rElec rC+}
 71090 | Desolati | Reached skill level 15 in Fire Magic
 71258 | Desolati | Identified the Papyrus of the Okapi
 71348 | Desolati | Reached XP level 22. HP: 200/200 MP: 27/39
 71405 | Desolati | Identified the Disquisition on Burning Venom
 72427 | Vaults:3 | Reached skill level 22 in Conjurations
 74516 | Vaults:4 | Identified the +4 arbalest of the Hall of Blades {freeze,
                  | Contam Int+8}
 76727 | Vaults:4 | Noticed Sojobo
 76744 | Vaults:4 | Killed Sojobo
 77103 | Vaults:5 | Entered Level 5 of the Vaults
 77223 | Crypt:1  | Entered Level 1 of the Crypt
 78444 | Depths:1 | Entered Level 1 of the Depths
 78466 | Depths:1 | Found Odariugg's Demolitions Depot.
 78504 | Depths:1 | Found a transporter.
 78512 | Depths:1 | Noticed EtherCrawl's ghost (journeyman MiBe)
 78513 | Depths:1 | Found a transporter.
 78600 | Depths:1 | Reached XP level 23. HP: 211/211 MP: 36/40
 78751 | Depths:1 | Found a gateway to Hell.
 78815 | Depths:1 | Found a sacrificial altar of Ru.
 78837 | Depths:1 | Found a one-way gate to the infinite horrors of the Abyss.
 79583 | Depths:1 | Noticed Jory
 79598 | Depths:1 | Killed Jory
 80249 | Depths:1 | Identified the +8 plate armour of Context {rElec}
 81496 | Depths:2 | Acquired a +0 pair of gloves of stealth
 82318 | Depths:2 | Noticed a juggernaut
 82326 | Depths:2 | Killed a juggernaut
 83414 | Depths:3 | Reached XP level 24. HP: 211/222 MP: 20/40
 83598 | Hell     | Entered the Vestibule of Hell
 83598 | Hell     | Noticed Geryon
 84530 | Depths:3 | Found a one-way gate leading to the halls of Pandemonium.
 85605 | Depths:3 | Found a burning altar of Makhleb.
 85611 | Depths:3 | Found a glowing golden altar of the Shining One.
 86031 | Depths:3 | Found Foihirr's Weapon Emporium.
 86904 | Depths:4 | Found a gateway to a ziggurat.
 87833 | Depths:5 | Entered Level 5 of the Depths
 87935 | Depths:5 | Paralysed by a floating eye for 3 turns
 88372 | Depths:5 | Found a gate to the Realm of Zot.
 88883 | Depths:5 | Reached XP level 25. HP: 233/233 MP: 20/40
 88884 | Depths:5 | Found Metyl's Weapon Shop.
 88884 | Depths:5 | Found Ulism's Jewellery Boutique.
 89765 | Depths:5 | Learned a level 8 spell: Ignition
 90097 | Slime:1  | Entered Level 1 of the Pits of Slime
 90795 | Slime:4  | Gained mutation: You are clumsy. (Dex -2) [a shining eye]
 90900 | Slime:5  | Entered Level 5 of the Pits of Slime
 91110 | Slime:5  | Paralysed by a floating eye for 4 turns
 91263 | Slime:5  | Noticed the Royal Jelly
 91269 | Slime:5  | Killed the Royal Jelly
 91546 | Slime:5  | Identified the +4 quick blade "Cef Jeoplu" {vorpal, Int+4}
 91608 | Slime:5  | Identified the amulet of Liatan {rElec rF+ Regen+}
 91634 | Slime:5  | Identified the amulet "Ifena" {Regen+ Dex+4}
 91664 | Slime:5  | Identified the +0 scale mail "Virch" {Dex+3 Stlth+}
 91703 | Slime:5  | Identified the +7 short sword of Eternal Vigilance {venom,
                  | rC+++ Str+5 Dex-2 SInv}
 91705 | Slime:5  | Got a slimy rune of Zot
 92038 | Depths:1 | Bought a manual of Evocations for 1435 gold pieces
 92085 | D:14     | Bought a potion of haste for 130 gold pieces
 92085 | D:14     | Bought a potion of haste for 130 gold pieces
 92085 | D:14     | Bought a potion of heal wounds for 65 gold pieces
 92085 | D:14     | Bought 2 potions of curing for 78 gold pieces
 92296 | Vaults:3 | Bought a scroll of blinking for 97 gold pieces
 92520 | Depths:1 | Voluntarily entered the Abyss.
 92861 | Abyss:1  | Reached skill level 23 in Conjurations
 92939 | Abyss:1  | Reached skill level 5 in Evocations
 92952 | Abyss:1  | Paralysed by accursed screaming for 1 turns
 93075 | Abyss:1  | Paralysed by accursed screaming for 1 turns
 94487 | Abyss:2  | Found a corrupted altar of Lugonu.
 94874 | Abyss:2  | Reached XP level 26. HP: 201/244 MP: 11/40
 95410 | Abyss:3  | HP: 6/195 [hellion/damnation (24)]
 95825 | Abyss:3  | HP: 7/245 [+2 halberd of freezing (13)]
 96146 | Abyss:3  | Found a corrupted altar of Lugonu.
 96207 | Abyss:3  | Reached skill level 10 in Evocations
 96765 | Abyss:4  | Found a transporter.
 96801 | Abyss:4  | Found a corrupted altar of Lugonu.
 96809 | Abyss:4  | Identified the amulet of Poapaup {Acrobat Will+ Str+4}
 96811 | Abyss:4  | Found a transporter.
 96821 | Abyss:4  | Found a transporter.
 96821 | Abyss:4  | HP: 6/246 [starcursed mass/accursed screaming (10)]
 96864 | Abyss:4  | Found a transporter.
 96890 | Abyss:4  | HP: 3/246 [spatial maelstrom (10)]
 96916 | Depths:1 | Escaped the Abyss
 97407 | Depths:1 | Voluntarily entered the Abyss.
 97416 | Abyss:1  | Reached skill level 5 in Staves
 97744 | Abyss:3  | Got an abyssal rune of Zot
 97782 | Depths:1 | Escaped the Abyss
 98271 | Vaults:5 | Reached XP level 27. HP: 254/254 MP: 21/40
 98561 | Vaults:5 | Noticed a dread lich
 98567 | Vaults:5 | Killed a dread lich
 98578 | Vaults:5 | Identified the ring "Tiynejuc" {rF+ rN+ Dex+6}
 98617 | Vaults:5 | Noticed a dread lich
 98729 | Vaults:5 | Killed a dread lich
 99167 | Vaults:5 | Acquired 1170 gold pieces
 99343 | Vaults:5 | Identified the ring "Ukoiro" {Int+6 Dex+7 Stlth-}
 99425 | Vaults:5 | Noticed Mara
 99429 | Vaults:5 | Killed Mara
 99448 | Vaults:5 | Noticed an ancient lich
 99452 | Vaults:5 | Killed an ancient lich
 99470 | Vaults:5 | Identified the +8 hand crossbow of the Endless Expanse
                  | {vorpal, SInv}
 99772 | Vaults:5 | Reached skill level 10 in Staves
 99840 | Vaults:5 | Identified the +4 long sword of Hepliaklqana's Grace
                  | {drain, Will+ Str+3}
 99956 | Vaults:5 | Identified the ring of a Billion Thickets {rC+ Slay+4}
100019 | Vaults:5 | Reached skill level 24 in Conjurations
100079 | Vaults:5 | Found Rimpuel's Book Boutique.
100189 | Vaults:5 | Identified the +5 chain mail of Leaves {rElec Dex+2}
100192 | Vaults:5 | Identified the Reference Book on Poisoning and Changing
100438 | Vaults:5 | Identified the Reference Book on the Oath
100537 | Vaults:5 | Identified the Compendium of Flying Battle Magic
100666 | Vaults:5 | Got a silver rune of Zot
101615 | Crypt:2  | Noticed Mennas
101805 | Crypt:1  | Killed Mennas
102913 | Crypt:2  | Found a runed translucent door.
102914 | Crypt:2  | Noticed a dread lich
102924 | Crypt:2  | Killed a dread lich
103230 | Crypt:3  | Entered Level 3 of the Crypt
104110 | Crypt:3  | Found a staircase to the Tomb.
104205 | Crypt:3  | Noticed a dread lich
104223 | Crypt:3  | Killed a dread lich
104543 | Crypt:3  | Found a basalt altar of Yredelemnul.
104580 | Crypt:3  | Found the +8 Vampire's Tooth {vamp}
105079 | Tomb:1   | Entered Level 1 of the Tomb of the Ancients
105844 | Tomb:1   | Noticed a royal mummy
105856 | Tomb:1   | Killed a royal mummy
105857 | Tomb:1   | Reached skill level 15 in Evocations
106459 | Tomb:1   | Reached skill level 25 in Conjurations
106831 | Tomb:2   | Noticed a royal mummy
106831 | Tomb:2   | Noticed a royal mummy
106831 | Tomb:2   | Noticed a royal mummy
106831 | Tomb:2   | Noticed a royal mummy
106835 | Tomb:2   | Killed a royal mummy
106839 | Tomb:2   | Killed a royal mummy
106839 | Tomb:2   | Killed a royal mummy
106844 | Tomb:2   | Killed a royal mummy
106929 | Tomb:2   | Gained mutation: You are dopey. (Int -2) [mutagenic glow]
106945 | Tomb:2   | Gained mutation: You occasionally shout uncontrollably at
                  | your foes. [mutagenic glow]
107793 | Tomb:1   | Noticed a royal mummy
107798 | Tomb:1   | Noticed a royal mummy
107799 | Tomb:1   | Noticed a royal mummy
107800 | Tomb:1   | Killed a royal mummy
107800 | Tomb:1   | Killed a royal mummy
107802 | Tomb:1   | Noticed a royal mummy
107803 | Tomb:1   | Killed a royal mummy
107807 | Tomb:1   | Killed a royal mummy
107826 | Tomb:1   | Noticed a royal mummy
107832 | Tomb:1   | Killed a royal mummy
108082 | Tomb:1   | Noticed a royal mummy
108085 | Tomb:1   | Killed a royal mummy
108548 | Tomb:1   | Noticed a royal mummy
108552 | Tomb:1   | Killed a royal mummy
108627 | Tomb:1   | Noticed a royal mummy
108630 | Tomb:1   | Killed a royal mummy
108641 | Tomb:1   | Noticed a royal mummy
108643 | Tomb:1   | Noticed a royal mummy
108673 | Tomb:1   | Killed a royal mummy
108703 | Tomb:1   | Killed a royal mummy
108707 | Tomb:1   | Noticed a royal mummy
108719 | Tomb:1   | Killed a royal mummy
109182 | Tomb:1   | Noticed a royal mummy
109185 | Tomb:1   | Killed a royal mummy
109265 | Tomb:1   | Noticed a royal mummy
109268 | Tomb:1   | Killed a royal mummy
109458 | Tomb:1   | Lost mutation: Your spells are a little harder to cast, but
                  | a little more powerful. [potion of mutation]
109458 | Tomb:1   | Lost mutation: You are weak. (Str -2) [potion of mutation]
109458 | Tomb:1   | Lost mutation: You are dopey. (Int -2) [potion of mutation]
109458 | Tomb:1   | Gained mutation: Your flesh is heat resistant. (rF+)
                  | [potion of mutation]
109459 | Tomb:1   | Lost mutation: You possess an exceptional clarity of mind.
                  | [potion of mutation]
109459 | Tomb:1   | Lost mutation: You are clumsy. (Dex -2) [potion of
                  | mutation]
109459 | Tomb:1   | Gained mutation: Your tail ends in a poisonous barb.
                  | [potion of mutation]
109460 | Tomb:1   | Lost mutation: Your skin changes colour to match your
                  | surroundings (Stealth+). [potion of mutation]
109460 | Tomb:1   | Gained mutation: You are somewhat resistant to further
                  | mutation. [potion of mutation]
109461 | Tomb:1   | Lost mutation: Your tail ends in a poisonous barb. [potion
                  | of mutation]
109461 | Tomb:1   | Lost mutation: You are somewhat resistant to further
                  | mutation. [potion of mutation]
109461 | Tomb:1   | Lost mutation: You occasionally shout uncontrollably at
                  | your foes. [potion of mutation]
109461 | Tomb:1   | Gained mutation: You occasionally shout uncontrollably at
                  | your foes. [potion of mutation]
109461 | Tomb:1   | Gained mutation: You are frail. (-10% HP) [potion of
                  | mutation]
109462 | Tomb:1   | Lost mutation: Your system is resistant to poisons. (rPois)
                  | [potion of mutation]
109462 | Tomb:1   | Lost mutation: You occasionally shout uncontrollably at
                  | your foes. [potion of mutation]
109462 | Tomb:1   | Lost mutation: Your flesh is heat resistant. (rF+) [potion
                  | of mutation]
109462 | Tomb:1   | Gained mutation: You are partially covered in large bone
                  | plates. (SH +4) [potion of mutation]
109462 | Tomb:1   | Gained mutation: You have sharp fingernails. [potion of
                  | mutation]
109503 | Tomb:1   | Noticed a royal mummy
109504 | Tomb:1   | Noticed a royal mummy
109504 | Tomb:1   | Noticed a royal mummy
109506 | Tomb:1   | Noticed a royal mummy
109507 | Tomb:1   | Killed a royal mummy
109508 | Tomb:1   | Killed a royal mummy
109509 | Tomb:1   | Killed a royal mummy
109510 | Tomb:1   | Killed a royal mummy
110387 | Tomb:3   | Entered Level 3 of the Tomb of the Ancients
110399 | Tomb:3   | Reached skill level 26 in Conjurations
110401 | Tomb:3   | Noticed a royal mummy
110406 | Tomb:3   | Noticed a royal mummy
110407 | Tomb:3   | Noticed a royal mummy
110408 | Tomb:3   | Noticed a royal mummy
110409 | Tomb:3   | HP: 7/233 [death scarab[a royal mummy] (10)]
110409 | Tomb:3   | Slain by a death scarab

Illustrated notes

Levels and vault maps discovered:
D:1:      amcnicky_arrival_wind_blow, layout_basic
D:2:      kennysheep_big_flooded_room, layout_loops_ring, basic_altar
D:3:      layout_basic, bloody_trog, serial_glass, glass_columns_b,
          glass_columns_c, basic_ecumenical_altar, kennysheep_jessica_study
D:4:      layout_loops_ring, minmay_temple_entry_proselytizer,
          chequers_ossuary_entry_cave, minmay_misc_feat_nine_boxes,
          hangedman_decor_slide_cut, uniq_sigmund, uniq_pikel, uniq_robin
D:5:      layout_basic, hangedman_abyss_or_decor_stagger, uniq_menkaure
D:6:      layout_loops_ring, serial_shops, kennysheep_mini_moat
D:7:      layout_basic, serial_shops, nicolae_shop_waterfront, minmay_holes,
          kennysheep_generic_room_15
D:8:      layout_cave_pools, serial_shops, shop, enter_bailey_3,
          grunt_decor_cap, onia_ninara_dug_in_and_dangerous, uniq_maurice,
          uniq_joseph
D:9:      layout_rooms, lemuel_tele_altar, jmf_multi_god_temple, orc_0_dummy,
          serial_glass, glass_columns_b, glass_columns_c,
          minmay_misc_feat_more_columns, corner_web_ring, minmay_evil_grid,
          uniq_grum
D:10:     layout_basic, due_lair_maze_entry_diamond,
          nicolae_trove_entry_crossroad, nicolae_alphabet_shops,
          minmay_crystal_water, minmay_statue_crystal_thing
D:11:     layout_basic, serial_shops, nicolae_shop_trees
D:12:     layout_cave_pools, kennysheep_kite_vault
D:13:     layout_irregular_city, david_vaults_4, gammafunk_ghost_smash,
          kennysheep_okawaru_gauntlet
D:14:     cheibrodos_elevator_heist, layout_basic, serial_shops,
          nicolae_shop_window_shopping, bh_walls_and_bars,
          hangedman_devilish_allure
D:15:     gammafunk_depths_entry_grave, layout_rooms
Temple:   regret_index_temple_mists
Lair:1:   layout_loops_ring, serial_bayou_shore_b, lemuel_fruit_fields,
          grunt_megastairs_5, lemuel_fruit_tree, infiniplex_staircase_pool_2,
          lemuel_fruit_fields, uniq_prince_ribbit2
Lair:2:   layout_loops_ring
Lair:3:   lemuel_slime, layout_big_grid, dummy_snake_entry, basic_altar,
          chequers_serial_rivers_large_a
Lair:4:   nzn_winding_woodlands_cross [nzn_winding_woodlands_5x15_eye,
          nzn_winding_woodlands_5x15_garden, nzn_winding_woodlands_5x15_pool,
          nzn_winding_woodlands_5x15_concentric,
          nzn_winding_woodlands_15x15_thick_spiral], layout_cave_pods,
          minmay_swamp_entry_reptiles, chequers_serial_rivers_micro_e,
          nzn_random_ring, minmay_lair_oklob_chamber
Lair:5:   layout_roguey, lemuel_centaur_altar
Lair:6:   evilmike_catoblepas_cave, layout_big_grid, dpeg_slime_entry_corner,
          nicolae_volcano_entry_hallway, uniq_urug
Swamp:1:  layout_basic_swamp, nicolae_swamp_tree_isthmus, swamp_pool5
Swamp:2:  layout_falls_marsh, nicolae_swamp_small_spring, st_swamp_ruins_1
Swamp:3:  layout_basic_swamp, infiniplex_staircase_pool,
          nicolae_swamp_dense_foliage
Swamp:4:  swamp_icy, layout_basic_swamp, swamp_pool1, uniq_louise
Snake:1:  layout_honeycomb, serial_shops, nicolae_shop_behind_doors,
          minmay_shop_star, serial_bayou_shore_a
Snake:2:  layout_honeycomb, uniq_donald
Snake:3:  layout_cave_shapes, serial_bayou_shore_b
Snake:4:  grunt_snake_rune_serpentine_throne, layout_basic, uniq_aizul
Slime:1:  layout_caves
Slime:2:  layout_caves
Slime:3:  layout_caves
Slime:4:  layout_caves
Slime:5
Orc:1:    layout_diamond_mine, serial_shops, nicolae_shop_stone, shop,
          nicolae_shop_statue_plus, shop
Orc:2:    st_orc_congregation, layout_caves, mines3_lemuel, uniq_azrael
Elf:1:    minmay_elf_arrival_plus, layout_geoelf_octagon, mu_enter_wizlab_6,
          serial_shops, shop, minmay_elf_sorcery, amethyst_killhole,
          grunt_ministairs_14
Elf:2:    layout_geoelf_octagon, hangedman_elf_power_crystal
Elf:3:    elf_hall, layout_loops_ring, serial_shops, shop,
          hangedman_elven_crosses_minicolossus
Vaults:1: gammafunk_vaults_ghost_split, v_alt_pattern_6, vaults_mumra_lcd,
          nicolae_vaults_network_star, nicolae_vaults_what_the_h,
          nicolae_vaults_border_crossing, v_misc_1, vaults_mumra_hexcomb,
          nicolae_vaults_asterisk, ontoclasm_vaults_twist,
          nicolae_vaults_little_ls, vaults_dpeg_hooks, layout_vaults_maze_snakey
Vaults:2: ontoclasm_vaults_ring_large, grunt_vaults_twisty,
          ontoclasm_vaults_spin, vaults_room_fancy_cross, nicolae_vaults_big_ls,
          minmay_crypt_entry_necro_gods, nicolae_vaults_diagonal_hallway_7,
          v_alt_pattern_1, nicolae_vaults_little_squares_6,
          nicolae_vaults_rhombus_7, v_misc_15, vaults_room_stairs_pillars,
          hangedman_vaults_maws, layout_vaults_ring
Vaults:3: v_misc_8, vaults_standard_mumra_enter_the_diamond, vaults_dpeg_cross,
          vaults_room_mumra_shop_pool, nicolae_vaults_an_arrangement, v_rooms_2,
          v_misc_3, ontoclasm_vaults_pinch, vaults_room_door_ring, v_misc_2,
          hangedman_vaults_pinch, layout_vaults_omnicross,
          portal_desolation_entry_nicolae_nacl
Vaults:4: v_misc_17, grunt_vaults_hallway_short, v_pattern_4,
          nicolae_vaults_gold_heap, vaults_room_octagon,
          nicolae_vaults_ninety_degrees, hangedman_vaults_stream,
          vaults_mumra_hex, hangedman_vaults_cutoff, layout_vaults_omnigrid,
          uniq_sojobo
Vaults:5: uniq_mara
Crypt:1:  layout_misc_corridors, grunt_megastairs_3
Crypt:2:  cheibrodos_crypt_cold_storage, layout_misc_corridors, uniq_mennas
Crypt:3:  cryptofortress_bobbens
Tomb:1
Tomb:2
Tomb:3
Depths:1: due_jory_tower, layout_gridville, gammafunk_ghost_arena, abyss_entry,
          hell_entry, nicolae_ru_path_of_blood, nicolae_blasting_shop,
          amcnicky_mini_pool_small, kennysheep_cross_bottleneck
Depths:2: cheibrodos_spurs, layout_gridlike, grunt_decor_one_mirror, hell_entry,
          kennysheep_random_hallway
Depths:3: minmay_the_grid_octo_tiled_octocenter_mashed
          [minmay_the_grid_octo_fat_diamond, minmay_the_grid_octo_toaster,
          minmay_the_grid_octo_checkerflower, minmay_the_grid_octo_horde,
          minmay_the_grid_octo_prize_star, minmay_the_grid_square_5x5_six,
          minmay_the_grid_square_5x5_fat_x,
          minmay_the_grid_square_5x5_broken_cross,
          minmay_the_grid_square_5x5_minivault], layout_gridlike,
          grunt_pan_entry_zigzag, serial_shops, shop, pf_coc_iceberg,
          nzn_life_drinkers, infiniplex_staircase_trident
Depths:4: kennysheep_spiral_hall, layout_cave_shapes, enter_ziggurat_a,
          nicolae_abyss_entry_one_way_or_another, hell_entry,
          grunt_decor_junction
Depths:5: grunt_zot_entry_funnels, layout_gridville,
          hangedman_tar_grid_catacomb, minmay_room_of_horrors,
          rand_demon_pan_entry_4, kennysheep_flooded_box, minmay_shoptagon
Hell

Skill      XL: |  1  2  3  4  5  6  7  8  9 10 11 12 13 14 15 16 17 18 19 20 21 22 23 24 25 26 27 |
---------------+----------------------------------------------------------------------------------+-----
Dodging        | 2 4 5 6 8 10 11 12 13 14 15 16 17 18 19 20 | 20.9
Stealth        | 2 |  2.0
Conjurations   | 5 6 7 8 10 11 12 14 15 16 17 18 19 20 21 22 23 26 | 26.0
Translocations | 3 |  3.0
Spellcasting   | 3 7 8 10 11 12 13 | 13.0
Fighting       | 4 5 7 9 11 12 13 14 15 16 17 18 19 20 21 22 23 | 23.9
Fire Magic     | 2 5 6 7 10 13 15 17 19 21 22 24 | 24.3
Evocations     | 4 8 11 16 | 16.5
Shields        | 3 4 |  4.0
Summonings     | 3 5 7 |  7.0
Earth Magic    | 6 7 9 11 | 11.2
Staves         | 1 7 12 | 12.0

Action                   |  1- 3 |  4- 6 |  7- 9 | 10-12 | 13-15 | 16-18 | 19-21 | 22-24 | 25-27 || total
-------------------------+-------+-------+-------+-------+-------+-------+-------+-------+-------++-------
Melee: Dagger            |    32 |    12 |    24 |     6 |       |       |       |       |       ||    74
       Tailslap          |     5 |     1 |     3 |       |     3 |       |    12 |     8 |    49 ||    81
       Staff             |       |       |       |    11 |    25 |    21 |    94 |   113 |   481 ||   745
       Whip              |       |       |       |       |     8 |       |       |       |       ||     8
 Cast: Magic Dart        |    61 |    89 |   144 |   462 |   286 |       |       |       |       ||  1042
       Searing Ray       |       |     7 |    32 |       |       |       |       |       |       ||    39
       Iskenderun's Myst |       |       |     2 |    18 |    29 |     5 |     3 |     7 |     2 ||    66
       Iskenderun's Batt |       |       |    19 |   101 |    76 |       |       |       |       ||   196
       Bolt of Magma     |       |       |       |     1 |   136 |    11 |    28 |    46 |    23 ||   245
       Orb of Destructio |       |       |       |    17 |    79 |     2 |       |       |       ||    98
       Starburst         |       |       |       |       |     1 |       |       |       |       ||     1
       Spellforged Servi |       |       |       |       |    46 |    82 |    83 |    76 |    37 ||   324
       Iron Shot         |       |       |       |       |   187 |   481 |   590 |   580 |   889 ||  2727
       Fireball          |       |       |       |       |       |    10 |     6 |     7 |       ||    23
       Lehudib's Crystal |       |       |       |       |       |     4 |     2 |     1 |       ||     7
       Fire Storm        |       |       |       |       |       |       |       |    25 |   101 ||   126
       Ignition          |       |       |       |       |       |       |       |       |    72 ||    72
 Abil: Breathe Steam     |       |       |     2 |     7 |     9 |     6 |    27 |    34 |    67 ||   152
       Evoke Blink       |       |       |       |       |       |       |       |     1 |     3 ||     4
Evoke: Lightning rod     |       |       |       |       |       |     5 |     8 |     8 |    16 ||    37
       Wand              |       |       |       |       |       |     4 |     2 |     2 |     8 ||    16
  Use: Potion            |       |     6 |     3 |     2 |     3 |    12 |       |     1 |    26 ||    53
       Scroll            |       |     7 |     1 |     7 |    18 |     7 |     7 |     7 |    14 ||    68
 Stab: Sleeping          |       |       |     1 |       |       |       |       |       |       ||     1
       Distracted        |       |       |       |       |     1 |       |     1 |     1 |     1 ||     4
Armor: Skin              |     7 |    13 |    26 |    48 |   100 |    73 |   133 |   267 |   549 ||  1216
Dodge: Dodged            |    21 |    16 |    61 |    97 |   228 |   124 |   229 |   302 |   728 ||  1806
Block: Buckler           |       |       |       |       |    59 |    30 |    53 |    92 |   317 ||   551

Table legend: (Time is in decaauts)
 A = Elapsed time spent in this place.
 B = Non-inter-level travel time spent in this place.
 C = Inter-level travel time spent in this place.
 D = Time resting spent in this place.
 E = Time spent auto-exploring this place.
 F = Levels seen in this place.
 G = Mean time per level.
                   A        B        C        D        E       F      G
               +--------+--------+--------+--------+--------+-----+--------+
         Total | 111141 | 102785 |   8356 |  41061 |  39778 |  67 | 1658.8 |
       Dungeon |  25831 |  22386 |   3445 |   6928 |  11820 |  15 | 1722.1 |
        Temple |    159 |    132 |     27 |      0 |    126 |   1 |  159.0 |
          Lair |  12362 |  11133 |   1229 |   4481 |   4867 |   6 | 2060.3 |
         Swamp |   5239 |   4972 |    267 |   1988 |   1953 |   4 | 1309.8 |
     Snake Pit |   8694 |   8273 |    421 |   2874 |   3993 |   4 | 2173.5 |
    Slime Pits |   1418 |   1361 |     57 |    430 |      0 |   5 |  283.6 |
  Orcish Mines |   4153 |   3742 |    411 |   2031 |    805 |   2 | 2076.5 |
   Elven Halls |   7108 |   6676 |    432 |   3101 |   1950 |   3 | 2369.3 |
        Vaults |  14417 |  13274 |   1143 |   5454 |   5181 |   5 | 2883.4 |
         Crypt |   4472 |   4334 |    138 |   1497 |   1703 |   3 | 1490.7 |
          Tomb |   5405 |   5405 |      0 |   3164 |   1196 |   3 | 1801.7 |
        Depths |  12218 |  11436 |    782 |   4946 |   4319 |   5 | 2443.6 |
          Hell |      1 |      1 |      0 |      0 |      0 |   1 |    1.0 |
         Abyss |   4800 |   4800 |      0 |   2098 |    610 |   7 |  685.7 |
       Volcano |    189 |    189 |      0 |     12 |      0 |   1 |  189.0 |
        Wizlab |   2777 |   2777 |      0 |   1330 |    646 |   1 | 2777.0 |
    Desolation |   1892 |   1892 |      0 |    725 |    607 |   1 | 1892.0 |
               +--------+--------+--------+--------+--------+-----+--------+

Top non-repeatable levels by time:
Depths:2: 3976 daAuts
Vaults:2: 3911 daAuts
  Tomb:1: 3872 daAuts
Depths:1: 3198 daAuts
   Elf:3: 3187 daAuts
 Snake:4: 3187 daAuts
  Lair:4: 3107 daAuts
Vaults:4: 2920 daAuts
    D:10: 2791 daAuts
  WizLab: 2777 daAuts
     D:9: 2702 daAuts
Vaults:3: 2674 daAuts
Vaults:1: 2648 daAuts
    D:13: 2606 daAuts
   Orc:2: 2531 daAuts
